 Dungeon Crawl Stone Soup version 0.29.1-1-gd02db6906a (webtiles) character file.

Game seed: 10054382471495501300

66 porpoise the Vexing (level 3, -15/21 HPs)
             Began as a Deep Elf Arcane Marksman on Oct 12, 2022.
             Killed by an exploding orc wizard (23 damage)
             ... ignited by their inner flame
             ... on level 3 of the Dungeon.
             The game lasted 00:08:55 (2309 turns).

porpoise the Vexing (Deep Elf Arcane Marksman)      Turns: 2309, Time: 00:08:56

Health: -15/21     AC:  2    Str:  7    XL:     3   Next: 96%
Magic:  1/9        EV: 13    Int: 17    God:
Gold:   75         SH:  0    Dex: 17    Spells: 1/8 levels left

rFire   . . .      SeeInvis .   a - +1 sling
rCold   . . .      Faith    .   (no shield)
rNeg    . . .      Spirit   .   c - +0 robe
rPois   .          Reflect  .   (no helmet)
rElec   .          Harm     .   j - scarf {+Inv}
rCorr   .          Rampage  .   (no gloves)
Will    .....                   (no boots)
Stlth   ++........              (no amulet)
HPRegen 0.07/turn               (no ring)
MPRegen 0.11/turn               (no ring)

@: very slightly contaminated
A: no striking features
a: Evoke Invisibility


You were on level 3 of the Dungeon.
You visited 1 branch of the dungeon, and saw 3 of its levels.

You collected 75 gold pieces.

Inventory:

Hand Weapons
 a - a +1 sling (weapon)
 b - a +0 dagger
Missiles
 f - 3 javelins
Armour
 c - a +0 robe (worn)
 j - a scarf of invisibility (worn)
Jewellery
 g - an amulet of faith
Scrolls
 e - a scroll of blinking {unknown}
 i - a scroll of identify {unknown}
 k - 2 scrolls of teleportation {unknown}
 l - 2 scrolls of poison
 m - a scroll of amnesia {unknown}
Potions
 d - 2 potions of curing {unknown}
 h - a potion of heal wounds {unknown}


   Skills:
 - Level 1.6 Fighting
 + Level 4.1 Ranged Weapons
 - Level 2.4 Dodging
 - Level 3.0 Spellcasting
 + Level 4.2 Hexes


You had one spell level left.
You knew the following spells:

 Your Spells              Type           Power      Damage    Failure   Level
a - Slow                  Hex            68%        N/A       3%          1
b - Inner Flame           Hex/Fire       9%         N/A       22%         3
c - Portal Projectile     Hex/Tloc       18%        N/A       22%         3

Your spell library contained the following spells:

 Spells                   Type           Power      Damage    Failure   Level
 Cause Fear               Hex            8%         N/A       30%         4


Dungeon Overview and Level Annotations

Branches:
Dungeon (3/15)

Altars:
Xom

Shops:
D:1 :


Message History

Aim: an orc, wielding a +0 flail (heavily wounded, chance to affect: 74%)
You miscast Inner Flame.
Nothing appears to happen.
The quokka bites you.
Unknown command.
Casting: Inner Flame (extremely dangerous; 22% risk of failure)
Confirm with . or Enter, or press ? or * to list all spells.
You don't have enough magic to cast this spell.
Unknown command.
You are too injured to fight recklessly!
You are too injured to fight recklessly!
Fire: a) +1 sling
Press: ? - help, Q - select action, (/) - cycle Shift-Dir - straight line, f/p - orc
Aim: an orc, wielding a +0 flail (heavily wounded, 60% to hit)
You shoot a sling bullet. The sling bullet hits the quokka.
The quokka is severely wounded.
The quokka closely misses you.
Unknown command.
Fire: a) +1 sling
Press: ? - help, Q - select action, (/) - cycle Shift-Dir - straight line, f/p - orc
Aim: an orc, wielding a +0 flail (heavily wounded, 60% to hit)
You shoot a sling bullet. The sling bullet hits the quokka.
You kill the quokka!
You hear some strange, mumbled words.
Something tries to affect you, but you resist.
Unknown command.
Fire: a) +1 sling
Press: ? - help, Q - select action, (/) - cycle Shift-Dir - straight line, f/p - orc
Aim: an orc, wielding a +0 flail (heavily wounded, 60% to hit)
You shoot a sling bullet. The sling bullet hits the orc.
You kill the orc!
Unknown command.
Fire: a) +1 sling
Press: ? - help, Q - select action, (/) - cycle Shift-Dir - straight line, f - quokka
Aim: a quokka (50% to hit)
You shoot a sling bullet.
Reactivating autopickup.
You feel a bit more experienced.
The orc wizard explodes!
The fiery explosion engulfs you!!
Ouch! That really hurt!
You die...

# ... #.#..
#.#..##########
#.............#
.............
...r..... #
#.######.#.#.#...#
#....@§r).<....#
#.############.#


You could see a quokka.

Vanquished Creatures
  An orc wizard (D:3)
  2 adders (D:2)
  A dart slug (D:1)
  A worm (D:2)
  An orc (D:3)
  3 endoplasms
  4 giant cockroaches (D:1)
  8 hobgoblins (D:1)
  3 quokkas
  A ball python (D:1)
  8 bats
  4 frilled lizards
  2 goblins (D:1)
  A kobold (D:1)
  2 rats (D:1)
42 creatures vanquished.

Notes
Turn   | Place    | Note
-------+----------+-------------------------------------------
     0 | D:1      | porpoise the Deep Elf Arcane Marksman began the quest for
                  | the Orb.
     0 | D:1      | Reached XP level 1. HP: 11/11 MP: 5/5
   205 | D:1      | Reached skill level 1 in Fighting
   432 | D:1      | Reached XP level 2. HP: 16/16 MP: 5/7
   834 | D:1      | Found a faded altar of an unknown god.
   883 | D:1      | You fall into a shaft and drop 1 floor!
   964 | D:1      | Found Tonk's Book Shoppe.
  1225 | D:1      | Reached XP level 3. HP: 20/20 MP: 8/8
  1722 | D:2      | Learned a level 3 spell: Inner Flame
  1726 | D:2      | Learned a level 3 spell: Portal Projectile
  1742 | D:2      | Found a shimmering altar of Xom.
  2309 | D:3      | Killed by an exploding orc wizard... ignited by their inner
                  | flame

Illustrated notes

Levels and vault maps discovered:
D:1:      lemuel_arrival_lava_pool, layout_basic,
          nicolae_ecumenical_lake_church, serial_shops, shop,
          minmay_tree_intersection, st_stairs_10, skrybe_limestone_x
D:2:      layout_basic, basic_altar
D:3:      layout_basic, xom_teletrap_fun, old_standard_altar, st_stairs_1,
          uniq_grinder

Skill      XL: |  1  2  3 |
---------------+----------+-----
Fighting       | 1 |  1.6
Ranged Weapons | 3 4 |  4.1
Spellcasting   | 2 3 |  3.0
Dodging        | |  2.4
Hexes          | |  4.2

Action                   || total
-------------------------++-------
Melee: Dagger            ||     2
 Fire: Sling             ||   137
 Cast: Slow              ||    24
       Inner Flame       ||     2
Armor: Robe              ||    13
Dodge: Dodged            ||    45
